Map: Dusk Towers

Players

IIllIIlIllll - Winner!

  • Race: Protoss Protoss
  • League: Grandmaster

avilo

  • Race: Terran Terran
  • League: Master

VOD

Have the link to the VOD?

Description

Time

  • Played on: Jan. 9, 2016, 9:51 p.m.
  • Length: 14:36
Show
View Real Time Build Order
Export as new Build Order

IIllIIlIllll Protoss - Winner!

Build Orders: 1 Gate Expand 

Get SALT Encoding   

  12  0:01  Probe (Chrono Boost)  
  13  0:11  Probe (Chrono Boost)  
  14  0:19  Pylon  
  14  0:22  Probe (Chrono Boost)  
  15  0:37  Probe (Chrono Boost)  
  15  0:38  Gateway  
  16  0:48  Probe (Chrono Boost)  
  17  1:09  Nexus  
  17  1:12  Probe (Chrono Boost)  
  17  1:17  Assimilator  
  18  1:28  Cybernetics Core  
  18  1:31  Probe (Chrono Boost)  
  19  1:40  Assimilator  
  19  1:42  Probe (Chrono Boost)  
  20  1:52  Probe (Chrono Boost)  
  21  2:03  Pylon  
  23  2:08  Warp Gate (Chrono Boost)  
  23  2:10  Probe (Chrono Boost)  
  22  2:20  Probe (Chrono Boost), Adept (Chrono Boost)  
  25  2:23  Probe  
  26  2:32  Probe  
  26  2:33  Probe  
  28  2:41  Robotics Facility  
  28  2:44  Probe (Chrono Boost)  
  28  2:45  Probe (Chrono Boost)  
  29  2:56  Mothership Core (Chrono Boost), Probe (Chrono Boost)  
  32  3:06  Probe (Chrono Boost)  
  32  3:09  Gateway  
  33  3:13  Probe (Chrono Boost), Gateway  
  33  3:17  Probe  
  35  3:24  Probe  
  35  3:26  Pylon  
  36  3:29  Probe, Observer (Chrono Boost)  
  38  3:36  Probe  
  38  3:38  Sentry  
  38  3:41  Probe, Pylon  
  43  3:48  Probe, Observer (Chrono Boost)  
  43  3:52  Assimilator  
  43  3:53  Probe  
  45  3:56  Assimilator  
  45  4:01  Stargate  
  45  4:03  Probe  
  46  4:14  Immortal (Chrono Boost)  
  46  4:15  Probe  
  51  4:20  Probe (Chrono Boost)  
  51  4:24  Pylon  
  52  4:29  Probe (Chrono Boost)  
  53  4:32  Probe (Chrono Boost)  
  53  4:37  Pylon  
  54  4:41  Probe (Chrono Boost)  
  54  4:42  Probe (Chrono Boost)  
  54  4:45  Immortal  
  56  4:46  Phoenix (Chrono Boost)  
  56  4:52  Probe  
  63  4:54  Probe  
  64  5:04  Nexus  
  64  5:05  Probe  
  64  5:06  Probe  
  66  5:09  Phoenix (Chrono Boost)  
  68  5:17  Probe  
  68  5:18  Probe  
  68  5:20  Twilight Council  
  70  5:24  Pylon  
  70  5:29  Probe  
  70  5:30  Probe  
  70  5:33  Phoenix (Chrono Boost)  
  70  5:34  Immortal  
  74  5:42  Probe x2  
  80  5:49  Resonating Glaives (Chrono Boost)  
  80  5:50  Gateway  
  80  5:54  Probe  
  81  6:03  Probe  
  82  6:05  Phoenix (Chrono Boost)  
  82  6:06  Probe  
  82  6:09  Gateway  
  82  6:10  Gateway  
  85  6:15  Probe  
  85  6:16  Probe  
  87  6:18  Probe, Pylon  
  88  6:27  Probe, Pylon  
  88  6:28  Probe  
  88  6:29  Immortal (Chrono Boost), Pylon  
  90  6:35  Probe  
  95  6:42  Fleet Beacon, Probe  
  96  6:48  Probe  
  96  6:49  Assimilator  
  96  6:50  Probe  
  96  6:52  Sentry, Zealot, Assimilator  
  102  6:54  Probe  
  102  7:01  Gateway  
  103  7:02  Gateway  
  103  7:04  Gateway  
  103  7:20  Stargate  
  103  7:26  Tempest (Chrono Boost)  
  107  7:33  Forge  
  107  7:45  Zealot x6  
  119  7:53  Pylon  
  119  7:57  Pylon  
  119  8:02  Templar Archives  
  119  8:04  Pylon, Oracle (Chrono Boost)  
  122  8:08  Protoss Ground Armor Level 1  
  122  8:11  Tempest (Chrono Boost)  
  126  8:17  Photon Cannon x2  
  126  8:19  Photon Cannon  
  126  8:22  Nexus, Pylon  
  126  8:25  Immortal, Pylon  
  130  8:30  Photon Cannon  
  130  8:32  Pylon  
  130  8:36  Tempest (Chrono Boost)  
  134  8:45  Probe x2  
  136  8:49  Tempest (Chrono Boost)  
  136  8:52  Psionic Storm  
  136  8:54  Probe  
  141  8:55  Photon Cannon  
  141  8:58  Assimilator  
  141  8:59  Probe  
  142  9:04  Assimilator  
  142  9:07  High Templar x2  
  142  9:08  High Templar  
  142  9:09  Probe  
  149  9:10  High Templar  
  149  9:13  Photon Cannon  
  151  9:17  Tempest  
  151  9:21  Pylon  
  155  9:28  Protoss Air Weapons Level 1  
  155  9:36  Tempest  
  163  9:48  Photon Cannon  
  163  9:53  Pylon  
  163  10:00  Warp Prism  
  163  10:06  Protoss Ground Armor Level 2  
  161  10:08  Pylon  
  161  10:14  Tempest x2, High Templar x3  
  169  11:12  Tempest x2  
  169  11:20  Zealot x3  
  169  11:21  Zealot, High Templar x3  
  169  11:22  Zealot x2  
  189  11:43  Zealot x5  
  199  11:51  Charge  
  191  12:12  Tempest  
  191  12:13  Tempest  
  186  12:20  High Templar x3  
  184  12:45  Adept x6  
  184  12:49  Archon x2  
  194  12:58  Tempest x2  
  186  13:07  High Templar x2  
  186  13:08  High Templar  
  184  13:19  Nexus  
  182  13:22  Nexus  
  182  13:26  Nexus  
  182  13:34  Nexus  
  182  13:42  Zealot x2, Oracle  
  182  13:43  Zealot x4  
  197  14:06  Nexus  
  197  14:08  Nexus  
  197  14:11  Nexus  
  197  14:15  Archon x2  
  180  14:25  High Templar x2  
  180  14:26  High Templar x6  
  180  14:27  High Templar  
  180  14:30  Archon x4  
Show
View Real Time Build Order
Export as new Build Order

avilo Terran 

Build Orders: Liberator Opening 

Get SALT Encoding   

  12  0:00  SCV  
  13  0:12  SCV  
  14  0:22  Supply Depot  
  14  0:25  SCV  
  15  0:43  SCV  
  15  0:44  Refinery  
  15  0:45  Barracks  
  16  0:55  SCV  
  17  1:08  SCV  
  18  1:20  SCV  
  19  1:32  Orbital Command  
  19  1:39  Barracks Reactor  
  19  1:49  Command Center  
  19  1:59  SCV  
  20  2:02  Supply Depot  
  20  2:07  Factory  
  20  2:12  SCV  
  20  2:14  Refinery  
  21  2:24  SCV, Marine x2  
  24  2:36  SCV  
  25  2:44  Marine x2  
  26  2:48  SCV  
  27  2:52  Factory Tech Lab, Starport  
  27  3:00  SCV  
  27  3:01  Marine  
  27  3:02  Marine  
  30  3:08  Orbital Command  
  30  3:14  SCV  
  34  3:20  Cyclone  
  34  3:26  SCV, Marine x2  
  37  3:33  SCV, Liberator  
  38  3:37  Engineering Bay  
  38  3:38  SCV  
  39  3:45  SCV  
  40  3:50  SCV  
  44  3:58  SCV  
  44  4:02  SCV  
  46  4:03  Supply Depot  
  46  4:07  Missile Turret  
  46  4:14  Missile Turret  
  46  4:24  SCV x2, Siege Tank  
  46  4:28  Missile Turret  
  46  4:29  Missile Turret  
  46  4:30  Marine x2  
  53  4:37  SCV  
  54  4:38  Bunker  
  54  4:40  Refinery  
  54  4:41  Refinery  
  54  4:54  Supply Depot  
  54  4:58  Missile Turret  
  54  4:59  Marine, Liberator  
  54  5:12  Supply Depot  
  54  5:13  Missile Turret  
  54  5:16  SCV x2, Marine  
  54  5:17  Marine  
  61  5:24  Missile Turret  
  61  5:28  SCV  
  62  5:33  Marine  
  62  5:34  SCV, Siege Tank  
  67  5:36  Command Center  
  67  5:40  SCV  
  68  5:46  Supply Depot, SCV  
  68  5:49  Terran Infantry Weapons Level 1  
  69  5:52  SCV  
  70  6:07  SCV x2, Marine x2  
  70  6:08  Supply Depot  
  70  6:09  Starport Reactor  
  74  6:12  Barracks  
  74  6:16  Barracks  
  74  6:19  SCV  
  74  6:21  SCV  
  76  6:28  Supply Depot  
  76  6:29  Siege Tank  
  76  6:31  SCV  
  80  6:33  SCV  
  80  6:39  Barracks  
  81  6:40  Barracks  
  81  6:43  SCV  
  81  6:45  SCV  
  83  6:50  Medivac x2  
  87  6:58  SCV x2  
  89  7:04  Missile Turret  
  89  7:11  Barracks Reactor  
  89  7:14  Barracks Tech Lab  
  89  7:15  Siege Tank  
  89  7:19  SCV x2, Barracks Tech Lab, Orbital Command  
  94  7:25  Bunker  
  94  7:31  SCV, Marine x2  
  94  7:32  SCV  
  94  7:33  Stimpack  
  100  7:39  Barracks Reactor x2, Combat Shields  
  100  7:43  Terran Infantry Armor Level 1, SCV  
  100  7:44  SCV  
  100  7:51  Supply Depot x2, SCV  
  101  7:52  Supply Depot  
  101  7:56  SCV x2  
  101  7:58  Medivac x2  
  105  8:03  SCV  
  108  8:08  SCV, Infernal Pre-Igniter  
  108  8:11  Supply Depot  
  108  8:12  SCV, Factory  
  112  8:13  Hellion  
  112  8:14  Armory, Supply Depot  
  112  8:20  Marine x4  
  112  8:22  SCV x2  
  112  8:25  Engineering Bay  
  118  8:28  SCV, Supply Depot  
  118  8:33  Medivac x2  
  118  8:34  SCV  
  124  8:46  SCV  
  124  8:47  SCV x2  
  124  8:52  Marine x4  
  124  8:53  Marine x2  
  132  9:01  Command Center  
  132  9:03  Terran Vehicle Weapons Level 1  
  132  9:08  Ghost Academy  
  130  9:10  Marine x2  
  130  9:11  Marine  
  130  9:12  Hellion  
  130  9:13  Barracks Tech Lab, Medivac x2  
  130  9:16  Hellion x2  
  143  9:19  Refinery x2  
  143  9:22  Supply Depot x2  
  143  9:26  Marine x2  
  143  9:28  Terran Infantry Weapons Level 2  
  145  9:36  Missile Turret  
  145  9:38  Personal Cloaking, Ghost  
  145  9:39  Ghost x2  
  151  9:50  Widow Mine x3  
  151  9:51  Drilling Claws  
  157  9:55  Refinery  
  157  9:56  Refinery  
  157  10:03  Marine x4  
  157  10:05  Medivac x2  
  157  10:07  Ghost, Marine  
  165  10:08  Marine  
  165  10:11  Ghost Academy  
  168  10:14  Ghost Academy  
  168  10:30  Marine x6  
  172  10:35  Marine  
  170  10:46  Widow Mine x3  
  170  10:47  Marine  
  170  10:48  Marine x4  
  167  11:05  Marine x4  
  167  11:06  Marine x2  
  166  11:15  Ghost  
  166  11:16  Planetary Fortress  
  164  11:22  Ghost  
  164  11:23  Marine x3  
  166  11:32  Marine x2  
  160  11:40  Marine, Widow Mine x2  
  160  11:41  Marine x2  
  157  11:52  Marine x4  
  157  11:53  Widow Mine  
  156  11:58  Marine  
  156  11:59  Marine x2  
  145  12:09  Widow Mine  
  145  12:10  Marine x4  
  145  12:16  Marine  
  145  12:17  Barracks, Marine x2  
  145  12:18  Barracks  
  145  12:20  Barracks  
  144  12:27  Marine x2  
  144  12:28  Marine  
  144  12:30  Marine  
  144  12:31  Widow Mine x2  
  144  12:32  Medivac x2  
  144  12:34  Marine x3  
  137  12:45  Marine x2  
  137  12:50  Marine x2  
  133  12:52  Marine  
  123  12:59  Marine x2  
  123  13:03  Marine x2  
  125  13:07  Marine  
  125  13:08  Marine  
  125  13:09  Marine  
  122  13:17  Marine  
  120  13:21  Marine x3  
  120  13:22  Widow Mine x3  
  120  13:23  Medivac x2  
  120  13:25  Ghost, Marine  
  136  13:27  Marine  
  133  13:37  Marine  
  133  13:39  Marine x3  
  133  13:40  Marine x3  
  138  13:43  Marine  
  138  13:45  Marine  
  140  13:52  Medivac  
  140  13:54  Marine  
  140  13:55  Marine  
  139  13:57  Marine x2  
  139  13:58  Marine  
  139  14:02  Marine x4  
  138  14:03  Marine  
  130  14:12  Marine  
  130  14:13  Marine  
  130  14:14  Marine  
  130  14:15  Marine x2  
Tags
 
Add a new tag
Caveats
  • Supply blocks, unpowered buildings, or Contaminate may cause inaccurate times.
  • Supply counts are checked every 10 seconds.